 Dungeon Crawl Stone Soup version 0.31-a0-177-g4aa6249778 (webtiles) character file.

Game seed: 9302726234973934104

3 Hajna the Grave Robber (level 1, -1/14 HPs)
             Began as a Ghoul Necromancer on June 19, 2023.
             Slain by a ball python (3 damage)
             ... on level 1 of the Dungeon.
             The game lasted 00:01:29 (56 turns).

Hajna the Grave Robber (Ghoul Necromancer)            Turns: 56, Time: 00:01:29

Health: -1/14      AC:  2    Str: 11    XL:     1   Next: 50%
Magic:  0/2        EV: 12    Int: 10    God:
Gold:   0          SH:  0    Dex:  9    Spells: 2/3 levels left

rFire   . . .        (no weapon)
rCold   + . .        (no shield)
rNeg    + + +        a - +0 robe
rPois   ∞            (no helmet)
rElec   .            (no cloak)
rCorr   .            (no gloves)
SInv    .            (no boots)
Will    .....        (no amulet)
Stlth   ++           (no ring)
HPRegen 0.00/turn    (no ring)
MPRegen 0.08/turn

%: no passive effects
@: inhibited regen
A: claws 1, cold resistance 1, negative energy resistance 3, inhibited
regeneration, torment resistance 2, devour on kill
a: no special abilities


You were on level 1 of the Dungeon.
You visited 1 branch of the dungeon, and saw 1 of its levels.

Inventory:

Armour
 a - a +0 robe (worn)
Scrolls
 c - a scroll of silence {unknown}


   Skills:
 + Level 1.7 Dodging
 + Level 2.1 Stealth
 + Level 1.8 Spellcasting
 + Level 4.1 Necromancy


You had 2 spell levels left.
You knew the following spells:

 Your Spells              Type           Power      Damage    Failure   Level
a - Necrotise             Necr           36%        1d5       6%          1

Your spell library contained the following spells:

 Spells                   Type           Power      Damage    Failure   Level
 Vampiric Draining        Necr           9%         2d6       17%         3
 Animate Dead             Necr           9%         N/A       50%         4
 Agony                    Necr           9%         N/A       85%         5


Dungeon Overview and Level Annotations

Branches:
Dungeon (1/15)

Altars:


Innate Abilities, Weirdness & Mutations

You are immune to poison.
You have sharp fingernails.
Your flesh is cold resistant. (rC+)
You are immune to negative energy. (rN+++)
You do not regenerate when monsters are visible.
You are immune to unholy pain and torment.
You thrive by killing the living.


Message History

The kobold throws a stone.
The stone hits you but does no damage. Magic courses through your body.
The kobold throws a stone.
The stone hits you.
You are too injured to fight recklessly!
Aiming: Necrotise (safe; 6% risk of failure)
Press: ? - help, Q - select action Shift-Dir - straight line, f - kobold
Aim: a kobold, wielding a +0 whip (chance to affect: 76%)
The kobold writhes in agony.
You kill the kobold!
The dead are walking!
Aiming: Necrotise (safe; 6% risk of failure)
Press: ? - help, Q - select action Shift-Dir - straight line, f - kobold
Aim: a kobold, wielding a +0 dagger and quivering stones (ally target, chance to affect: 76%)
The kobold writhes in agony.
You miss the kobold.
The kobold is moderately wounded.
The kobold hits you with a +0 dagger.
* * * LOW HITPOINT WARNING * * *
You scratch the kobold but do no damage.
The kobold is moderately wounded.
The ball python barely misses your kobold skeleton.
The ball python grabs your kobold skeleton.
The ball python constricts your kobold skeleton.
Your kobold skeleton misses the kobold.
The kobold hits you but does no damage.
You barely miss the kobold.
The kobold is moderately wounded.
The ball python bites your kobold skeleton.
The ball python constricts your kobold skeleton.
The kobold hits you with a +0 dagger.
* * * LOW HITPOINT WARNING * * *
You are too injured to fight recklessly!
Aiming: Necrotise (safe; 6% risk of failure)
Press: ? - help, Q - select action Shift-Dir - straight line, f/p - kobold
Aim: a kobold, wielding a +0 dagger and quivering stones (moderately wounded, ally target, chance to affect: 76%)
The kobold writhes in agony.
You kill the kobold!
The dead are walking!
The ball python loses its grip on your kobold skeleton.
Your kobold skeleton barely misses the ball python.
The ball python bites you.
You die...

. .. P...##
...♣...#P#####
##...♣.#♣.'.P##
..##...♣P.#.P#.♣P#
#...#.......####..P#
#.#.........P.#P..P#
......P......'..<♣#
#.....♣.♣.@.'(..P#
(...#.P.PS..#...♣#
#......Z####..♣
#....Z..# #.PP#
.###.###..).♣.#
+.P##
......†...♣...# ####
.###.##...♣P.P#
##.....P# ###...##


You could see a ball python (ally target) and 2 friendly kobold skeletons.

Vanquished Creatures
  A giant cockroach (D:1)
  A hobgoblin (D:1)
  2 kobolds (D:1)
4 creatures vanquished.

Notes
Turn   | Place    | Note
-------+----------+-------------------------------------------
     0 | D:1      | Hajna the Ghoul Necromancer began the quest for the Orb.
     0 | D:1      | Reached XP level 1. HP: 14/14 MP: 2/2
    56 | D:1      | Slain by a ball python

Illustrated notes

Levels and vault maps discovered:
D:1:      denvon_arrival_planthouse, layout_rooms, dreamdust_princess_corridor

Action                     || total
---------------------------++-------
  Melee: Unarmed           ||    15
   Cast: Necrotise         ||     5
    Use: Potion            ||     1
 Armour: Robe              ||     2
  Dodge: Dodged            ||     8

Table legend: (Time is in decaauts)
 A = Elapsed time spent in this place.
 B = Non-inter-level travel time spent in this place.
 C = Inter-level travel time spent in this place.
 D = Time resting spent in this place.
 E = Time spent auto-exploring this place.
 F = Levels seen in this place.
 G = Mean time per level.
                   A        B        C        D        E       F      G
               +--------+--------+--------+--------+--------+-----+--------+
         Total |     56 |     56 |      0 |      0 |     21 |   1 |   56.0 |
       Dungeon |     56 |     56 |      0 |      0 |     21 |   1 |   56.0 |
               +--------+--------+--------+--------+--------+-----+--------+

Top non-repeatable levels by time:
     D:1: 56 daAuts
